AoeStats
← Nothing happened, go cry!

Arena

510701309Analyzed
4v4 RM · 23h ago on Oct 2, 2026· 36m 8s· 8 players
Game mode
Random Map
Map size
Large (8 player)
Population
200
Speed
Normal
Resources
Standard
Victory
Conquest
Starting age
Dark Age
Ending age
Imperial Age
RankedLock teamsTeams togetherTeam positionsShared explorationLock speedFull tech treeHidden civsTurbo modeCheats
Victory
Defeat
🇨🇳 Britons · China
1189
+6
🇨🇳 Turks · China
1145
+7
🇨🇳 Vikings · China
1091
+9
🇨🇳 Cumans · China
957
+15
🇬🇧 Britons · United Kingdom
1063
-14
🇬🇷 Goths · Greece
932
-9
🇩🇴 Hindustanis · Dominican Republic
907
-8
🇩🇴 Romans · Dominican Republic
819
-6
Nothing happened, go cry!
12:34 Feudal Age
16:37 Castle Age
15:17 Horse Collar
15:37 Double-Bit Axe
16:06 Stone Mining
16:26 Gold Mining
16:14 Man-at-Arms
17:13 Loom
19:59 Heavy Plow
22:23 Bow Saw
22:48 Town Watch
24:55 Long Swordsman
25:37 Squires
27:37 Gold Shaft Mining
26:31 Pikeman
29:27 Wheelbarrow
29:00 Elite Skirmisher
30:53 Padded Archer Armor
30:45 Fletching
33:59 Imperial Age
33:07 Leather Archer Armor
32:48 Bodkin Arrow
iBenj
9:11 Feudal Age
10:08 Double-Bit Axe
13:12 Loom
16:23 Castle Age
18:53 Fletching
22:12 Horse Collar
22:22 Crossbowman
30:08 Imperial Age
28:04 Bodkin Arrow
27:59 Elite Skirmisher
28:46 Padded Archer Armor
32:16 Arbalester
Mandark39
7:39 Loom
11:01 Feudal Age
15:59 Castle Age
14:07 Double-Bit Axe
14:05 Horse Collar
26:46 Scale Mail Armor
28:52 Heavy Plow
31:33 Squires
35:19 Imperial Age
34:16 Forging
34:22 Chain Mail Armor
33:58 Fletching
34:41 Scale Barding Armor
35:15 Husbandry
35:26 Bloodlines
alakerman
12:57 Feudal Age
14:16 Wheelbarrow
14:29 Double-Bit Axe
16:46 Castle Age
15:32 Horse Collar
25:39 Gold Mining
26:13 Padded Archer Armor
29:32 Imperial Age
26:48 Town Watch
28:13 Leather Archer Armor
27:49 Fletching
28:35 Heavy Plow
29:44 Elite Skirmisher
31:18 Ring Archer Armor
33:15 Light Cavalry
34:39 Bodkin Arrow
kiyohime
1:47 Loom
9:52 Feudal Age
11:00 Double-Bit Axe
12:09 Wheelbarrow
11:18 Horse Collar
17:15 Gold Mining
20:28 Town Watch
23:38 Castle Age
23:02 Stone Mining
28:52 Imperial Age
26:29 Heavy Plow
26:49 Bow Saw
27:19 Gold Shaft Mining
27:05 Hand Cart
27:02 Scale Barding Armor
27:07 Forging
27:38 Light Cavalry
28:35 Bloodlines
27:46 Light Cavalry
28:51 Chain Barding Armor
30:19 Crop Rotation
30:52 Two-Man Saw
30:25 Guilds
29:45 Elite Steppe Lancer
32:26 Plate Barding Armor
32:27 Iron Casting
31:55 Steppe Husbandry
32:16 Conscription
32:25 Hussar
35:24 Blast Furnace
唯今之计
11:58 Feudal Age
12:45 Double-Bit Axe
13:02 Horse Collar
15:33 Castle Age
17:21 Bow Saw
17:12 Heavy Plow
18:59 Loom
19:40 Town Watch
21:43 Gold Mining
21:55 Stone Mining
23:49 Gold Shaft Mining
26:47 Careening
29:11 Imperial Age
26:05 Man-at-Arms
26:11 Pikeman
27:45 Coinage
27:41 Scale Mail Armor
27:26 Long Swordsman
28:07 Squires
27:53 Arson
29:02 Chain Mail Armor
30:59 Plate Mail Armor
31:08 Forging
30:21 Two-Handed Swordsman
30:50 Elite Varangian Guard
33:51 Ballistics
34:32 Chemistry
34:27 Conscription
34:51 Iron Casting
36:07 Banking
36:42 Blast Furnace
36:38 Crop Rotation
靓仔
13:07 Feudal Age
17:13 Castle Age
21:50 Imperial Age
19:38 Horse Collar
19:55 Gold Mining
20:27 Padded Archer Armor
23:10 Leather Archer Armor
25:43 Loom
30:44 Town Watch
36:01 Ring Archer Armor
37:08 Ballistics
36:28 Treadmill Crane
巨浪大切
10:08 Feudal Age
11:28 Double-Bit Axe
14:10 Castle Age
11:55 Horse Collar
15:12 Bow Saw
15:05 Heavy Plow
16:10 Wheelbarrow
21:07 Stone Mining
22:05 Gold Mining
26:53 Loom
29:47 Imperial Age
27:24 Town Watch
27:55 Hand Cart
29:22 Yeomen
28:58 Fletching
29:09 Padded Archer Armor
29:21 Forging
29:11 Scale Mail Armor
30:39 Bodkin Arrow
32:29 Chemistry
31:35 Elite Longbowman
32:37 Conscription
33:49 Bracer
34:06 Leather Archer Armor
34:11 Town Patrol
Connection lost

Rejoining the realm…

Still unreachable

The connection could not be restored.

Session expired

The server has moved on; the page needs a fresh start.